 Dungeon Crawl Stone Soup version 0.30-a0-51-g784eafce7f (webtiles) character file.

Game seed: 16053924431908952234

5 Jeffwins the Chiller (level 1, -2/15 HPs)
             Began as a Human Wanderer on Sept 5, 2022.
             Slain by a quokka (4 damage)
             ... on level 1 of the Dungeon.
             The game lasted 00:00:35 (170 turns).

Jeffwins the Chiller (Human Wanderer)                Turns: 170, Time: 00:00:36

Health: -2/15      AC:  3    Str: 15    XL:     1   Next: 88%
Magic:  2/2        EV: 10    Int: 11    God:
Gold:   0          SH:  3    Dex: 10    Spells: 1/2 levels left

rFire   . . .      SeeInvis .    a - +0 club
rCold   . . .      Faith    .    c - +0 buckler
rNeg    . . .      Spirit   .    e - +0 leather armour
rPois   .          Reflect  .    (no helmet)
rElec   .          Harm     .    (no cloak)
rCorr   .          Rampage  .    (no gloves)
Will    .....                    (no boots)
Stlth   +.........               (no amulet)
HPRegen 0.05/turn                (no ring)
MPRegen 0.08/turn                (no ring)

@: no status effects
A: no striking features
a: no special abilities


You were on level 1 of the Dungeon.
You visited 1 branch of the dungeon, and saw 1 of its levels.


   Skills:
 - Level 1.1 Fighting
 + Level 1.1 Shields
 - Level 3.0 Unarmed Combat
 + Level 1.1 Spellcasting
 * Level 3.0 Ice Magic
 - Level 1.1 Evocations


You had one spell level left.
You knew the following spells:

 Your Spells              Type           Power      Damage    Failure   Level
z - Freeze                Ice            28%        1d5       16%         1

Your spell library contained the following spells:

 Spells                   Type           Power      Damage    Failure   Level
 Ozocubu's Armour         Ice            7%         N/A       41%         3
 Call Canine Familiar     Summ           0%         N/A       85%         3
 Portal Projectile        Hex/Tloc       0%         N/A       85%         3
 Leda's Liquefaction      Hex/Erth       0%         N/A       99%         4

Inventory:

Hand Weapons
 a - a +0 club (weapon)
Missiles
 h - 3 curare-tipped darts (quivered) {=f}
Armour
 c - a +0 buckler (worn)
 e - a +0 leather armour (worn)
Scrolls
 f - a scroll of summoning
 g - a scroll of silence {unknown}
Potions
 b - 2 potions of invisibility
 d - a potion of lignification {!q}

Dungeon Overview and Level Annotations

Branches:
Dungeon (1/15)

Altars:

≈≈▒.+.▒▒▒▒▒.+.▒≈≈.###
#..#≈≈▒.▒...8...▒.▒≈≈....
##...≈≈▒.▒...?...▒.▒≈≈....
#....≈▒▒+▒▒▒▒+▒▒▒▒+▒▒≈....
.....≈▒..+.......'..▒≈....
.....≈▒⌠.▒▒▒▒'▒▒▒▒.<▒≈....
.....≈▒▒▒▒≈≈≈.≈≈≈▒▒▒▒≈....
#....≈≈≈l≈≈≈≈.≈≈≈≈≈≈≈≈....
#......(r@?...............
.......#######..###..##...
.......####.....#....# #..
............##....#.#....#
#.....###.......##....####
##...##...#.........###
#.###......#)....###
..#...####.....### ..$
...........


You could see a quokka and a frilled lizard.


Message History

A quokka comes into view.
There are monsters nearby!
There are monsters nearby!
A frilled lizard comes into view.
You see here a scroll labelled SAAQETAYCVO.
The frilled lizard hisses angrily.
You barely miss the hobgoblin.
The hobgoblin hits you but does no damage.
You closely miss the frilled lizard. The hobgoblin closely misses you.
The frilled lizard misses you. The quokka bites you.
You miss the frilled lizard.
The quokka twitches its whiskers.
The quokka bites you.
The hobgoblin hits you but does no damage.
You block the frilled lizard's attack. The quokka bites you.
* * * LOW HITPOINT WARNING * * *
The frilled lizard bites you.
* * * LOW HITPOINT WARNING * * *
The hobgoblin barely misses you.
Throw: 4 darts (curare) {=f}
Press: ? - help, Q - select action, (/) - cycle Shift-Dir - straight line, f - quokka
Aim: a quokka (41% to hit)
You throw a curare-tipped dart {=f}.
The curare-tipped dart {=f} misses the quokka.
The curare-tipped dart {=f} hits the hobgoblin.
The hobgoblin is poisoned.
The hobgoblin convulses.
You kill the hobgoblin!
The quokka bites you.
You die...

Action                   || total
-------------------------++-------
Melee: Club              ||    10
Throw: Dart              ||     3
Armor: Leather armour    ||     5
Dodge: Dodged            ||     8
Block: Buckler           ||     3

Levels and vault maps discovered:
D:1:      heliophobic_arrival_glass_houses, layout_rooms, serial_forest,
          infiniplex_forest_corner_2, infiniplex_forest_straight_2,
          infiniplex_forest_straight_2, infiniplex_forest_straight_2,
          infiniplex_forest_pool, infiniplex_forest_straight_4

Notes
Turn   | Place    | Note
-------+----------+-------------------------------------------
     0 | D:1      | Jeffwins the Human Wanderer began the quest for the Orb.
     0 | D:1      | Jeffwins set off with the following items: a +0 club, a
                  | potion of invisibility, a +0 buckler, a potion of
                  | lignification {!q}, a +0 leather armour, a scroll of
                  | summoning; and the following spell memorised: Freeze; and
                  | the following spells available to memorise: Ozocubu's
                  | Armour.
     0 | D:1      | Reached XP level 1. HP: 15/15 MP: 2/2
   170 | D:1      | Slain by a quokka

Vanquished Creatures
  An endoplasm (D:1)
  A giant cockroach (D:1)
  A hobgoblin (D:1)
  A kobold (D:1)
  A quokka (D:1)
5 creatures vanquished.

Table legend: (Time is in decaauts)
 A = Elapsed time spent in this place.
 B = Non-inter-level travel time spent in this place.
 C = Inter-level travel time spent in this place.
 D = Time resting spent in this place.
 E = Time spent auto-exploring this place.
 F = Levels seen in this place.
 G = Mean time per level.
                   A        B        C        D        E       F      G
               +--------+--------+--------+--------+--------+-----+--------+
         Total |    173 |    173 |      0 |    102 |     21 |   1 |  173.0 |
       Dungeon |    173 |    173 |      0 |    102 |     21 |   1 |  173.0 |
               +--------+--------+--------+--------+--------+-----+--------+

Top non-repeatable levels by time:
     D:1: 173 daAuts

Table legend:
 A = Non-vault XP
 B = Vault XP
 C = Vault XP percentage of total XP
 D = Non-vault monster count
 E = Vault monster count
 F = Vault count percentage of total count
                 A         B        C        D         E       F
            +---------+---------+-------+---------+---------+-------
      Total |      10 |       0 |   0.0 |       5 |       0 |   0.0
            +---------+---------+-------+---------+---------+-------
        D:1 |      10 |       0 |   0.0 |       5 |       0 |   0.0
            +---------+---------+-------+---------+---------+-------
